cohdb
Replays
Latest Replays
All Replays
Popular Replays
Top Player Replays
Match Explorer
How It Works
Community
CoH3 Stats
Reddit
Sign in to upload your games and track your stats! →
Sign in with Steam
Match 44915319
Unlisted
Match 44915319
Overview
Messages
Build Orders
End
Selects Italian Combined Arms Battlegroup
Selects Bersaglieri Squad
Bersaglieri Squad
250 Light Carrier
Bersaglieri Squad
Construct Light Support Kompanie
Bersaglieri Squad
Fire Support Elements
Selects Bersaglieri Bolster
2.5-tonne Medical Truck
Flakvierling Half-track
Flakvierling Half-track
Selects Breda Model 30 Light Machine Guns
Pak 38 Anti-tank Gun Team
Construct Panzerarmee Kommand
Flak 36 Anti-tank Gun Team
Selects Semovente da 75/18 Assault Gun
Bersaglieri Squad
Selects Carro Armato M13/40 Light Tank
Carro Armato M13/40 Light Tank
Selects Artillery Cover
Carro Armato M13/40 Light Tank
Olsishare
timmyo1981
MOMO
lplp4943718
Lord Protector Richard
weiyongwansui008
npy
kila
0
0
Comments
sign in to comment!
No comments posted yet!